 Dungeon Crawl Stone Soup version 0.31-a0-1589-g8f5e8aebd6 (webtiles) character file.

Game seed: 17746601389691789195

34 Laraso the Sneak (level 3, 0/30 HPs)
             Began as an Armataur Delver on Jan 6, 2024.
             Slain by Ijyb
             ... wielding a +2 dagger of speed
              (4 damage)
             ... on level 3 of the Dungeon.
             The game lasted 00:03:41 (1517 turns).

Laraso the Sneak (Armataur Delver)                  Turns: 1517, Time: 00:03:41

Health: 0/30       AC:  5    Str: 17    XL:     3   Next: 14%
Magic:  3/3        EV:  8    Int: 12    God:
Gold:   46         SH:  0    Dex:  9    Spells: 2/2 levels left

rFire   . . .        a - +0 mace
rCold   . . .        (no shield)
rNeg    + . .        l - +0 ring mail
rPois   .            (helmet restricted)
rElec   .            (no cloak)
rCorr   .            (no gloves)
SInv    .            (no barding)
Will    .....        (no amulet)
Stlth   ++           j - ring of positive energy
HPRegen 0.25/turn    (no ring)
MPRegen 0.08/turn

%: roll
@: mighty, hasted, very quick
A: large, deformed body, tough skin 3, armoured tail, roll 1, antennae 1, clumsy
1, devolution 1
a: no special abilities


You were on level 3 of the Dungeon.
You visited 1 branch of the dungeon, and saw 5 of its levels.

You collected 46 gold pieces.

Inventory:

Hand Weapons
 a - a +0 mace (weapon)
Armour
 l - a +0 ring mail (worn)
Jewellery
 j - a ring of positive energy (left hand)
Wands
 g - a wand of digging (3)
 h - a wand of roots (9)
Scrolls
 c - 2 scrolls of fog
 d - a scroll of revelation
 n - a scroll of immolation {unknown}
 o - a scroll of vulnerability {unknown}
Potions
 b - a potion of mutation
 e - 4 potions of might
 f - a potion of haste
 i - a potion of curing {unknown}
 k - a potion of ambrosia {unknown}


   Skills:
 - Level 2.6 Fighting
 * Level 3.3 Maces & Flails
 - Level 1.3 Dodging
 - Level 5.4 Stealth


You had 2 spell levels left.
You didn't know any spells.
Your spell library contained the following spells:

 Spells                   Type           Power      Damage    Failure   Level
 Freeze                   Ice            0%         1d3       52%         1
 Frozen Ramparts          Ice            0%         1d1       88%         3
 Hailstorm                Conj/Ice       0%         3d5       88%         3


Dungeon Overview and Level Annotations

Branches:
Dungeon (5/15)
 Temple: D:4-7

Altars:
Xom

Shops:
D:1 =[[(

Annotations:
D:3 Ijyb, Robin


Innate Abilities, Weirdness & Mutations

Armour fits poorly on your strangely shaped body.
You have extremely tough skin. (AC +3)
You have a long armoured tail.
You regenerate magic when rolling toward enemies. (Rampage MPRegen)
You have a pair of small antennae on your head.
You are clumsy. (Dex -2)
You have hidden genetic defects.


Message History

There is a stone staircase leading up here.
Ijyb is nearby!
Ijyb is nearby!
You roll towards Ijyb!
Press: ? - help, v - describe, . - travel
Here: Ijyb, wielding a +2 dagger of speed, wearing a +0 leather armour and carrying a wand of paralysis (wandering, hasn't noticed you)
The floor.
Ijyb shouts!
You barely miss Ijyb.
Ijyb hits you with a +2 dagger of speed.
You barely miss Ijyb.
Ijyb screams, "Level is mine!
All mine!"
Ijyb hits you with a +2 dagger of speed.
Ijyb completely misses you.
Unknown command.
You feel very mighty all of a sudden.
Ijyb hits you with a +2 dagger of speed.
A goblin comes into view. It is wielding a +0 club.
Ijyb closely misses you.
Unknown command.
You closely miss Ijyb. Ijyb hits you but does no damage.
Ijyb hits you with a +2 dagger of speed.
You closely miss Ijyb.
Ijyb zaps a wand.
You resist with significant effort.
You hit Ijyb but do no damage.
Ijyb hits you with a +2 dagger of speed.
Ijyb closely misses you.
You closely miss Ijyb.
Ijyb hits you with a +2 dagger of speed.
You feel yourself speed up.
Ijyb hits you with a +2 dagger of speed.
* * * LOW HITPOINT WARNING * * *
Ijyb hits you with a +2 dagger of speed.
* * * LOW HITPOINT WARNING * * *
Unknown command.
It was a potion of mutation.
You feel extremely strange.
You feel a hidden malignance growing inside you.
You feel clumsy. A pair of antennae grows on your head!
Ijyb screams, "Me very upset!"
Ijyb hits you with a +2 dagger of speed.
You die...

###.# ..#.#
# #.#.# #.
#.#.# ...
#####.#.#
...
#.......#
.....###.###
#.#####.#
#.g@....#
#########


You could see Ijyb.

Vanquished Creatures
  4 ball pythons
  4 endoplasms
  4 goblins
  8 hobgoblins
  A quokka (D:5)
  2 bats (D:1)
  2 frilled lizards
  2 kobolds
  3 rats
30 creatures vanquished.

Notes
Turn   | Place    | Note
-------+----------+-------------------------------------------
     0 | D:5      | Laraso the Armataur Delver began the quest for the Orb.
     0 | D:5      | Reached XP level 1. HP: 18/18 MP: 1/1
    72 | D:3      | Noticed a hound
   137 | D:3      | Found a shimmering altar of Xom.
   317 | D:2      | Reached XP level 2. HP: 25/25 MP: 2/2
   511 | D:1      | Found Iheen's Jewellery Emporium.
   645 | D:1      | Found Moilar's Weapon Boutique.
   662 | D:1      | Found Jeynneugh's Antique Armour Shop.
   891 | D:1      | Found Dobu's Armour Emporium.
  1200 | D:2      | Reached XP level 3. HP: 30/30 MP: 3/3
  1400 | D:3      | Noticed Robin
  1400 | D:3      | Noticed Ijyb
  1415 | D:3      | Found a faded altar of an unknown god.
  1517 | D:3      | Gained mutation: You have hidden genetic defects. [potion
                  | of mutation]
  1517 | D:3      | Gained mutation: You are clumsy. (Dex -2) [potion of
                  | mutation]
  1517 | D:3      | Gained mutation: You have a pair of small antennae on your
                  | head. [potion of mutation]
  1517 | D:3      | Slain by Ijyb

Illustrated notes

Levels and vault maps discovered:
D:1:      dpeg_arrival_connections, layout_loops_cross, serial_shops, shop,
          shop_statue, shop, shop
D:2:      layout_rooms, hex_intersection, minmay_door_square
D:3:      layout_loops_corners, xom_butterflies, nicolae_wu_jian_wuxing_cycle,
          basic_ecumenical_altar, nicolae_goblin_pals
D:4:      layout_cave_pools, uniq_sigmund
D:5:      layout_basic, lemuel_blue_sif_altar, lemuel_tele_altar,
          mainiacjoe_overflow_24_doors

Skill      XL: |  1  2 |
---------------+-------+-----
Maces & Flails | 2 3 |  3.3
Fighting       | |  2.6
Dodging        | |  1.3
Stealth        | |  5.4

Action                     || total
---------------------------++-------
  Melee: Mace              ||    75
         Tailslap          ||     6
    Use: Scroll            ||     3
         Potion            ||     3
   Stab: Sleeping          ||     7
 Armour: Leather armour    ||    16
         Ring mail         ||    43
  Dodge: Dodged            ||    27

Table legend: (Time is in decaauts)
 A = Elapsed time spent in this place.
 B = Non-inter-level travel time spent in this place.
 C = Inter-level travel time spent in this place.
 D = Time resting spent in this place.
 E = Time spent auto-exploring this place.
 F = Levels seen in this place.
 G = Mean time per level.
                   A        B        C        D        E       F      G
               +--------+--------+--------+--------+--------+-----+--------+
         Total |   1536 |   1475 |     61 |    163 |    777 |   5 |  307.2 |
       Dungeon |   1536 |   1475 |     61 |    163 |    777 |   5 |  307.2 |
               +--------+--------+--------+--------+--------+-----+--------+

Top non-repeatable levels by time:
     D:2: 653 daAuts
     D:1: 591 daAuts
     D:3: 239 daAuts
     D:5: 37 daAuts
     D:4: 14 daAuts
